General information
			
			
        
        - name: BNet
 
        - type: Ladder 1vs1/FFA
 
        - host: Battle.net
 
        - saver: clustercluck1
 
        
map: EchoIsles 
        - players: 2
 
        - length: 25:20
 
        - speed: Fast
 - version: 1.22 W3XP
 - replay type:  Public
 
» download(85 KB)
Players
        team 1 (loser) 
              
              
» 
Zizou10 (
purple | 85 APM | 2153 actions | 25:18)
              
 4 Crypt Lord 
 2 Carrion Beetles
 2 Spiked Carapace
 3 Death Knight 
 2 Death Coil
 1 Unholy Aura
 1 Dreadlord 
 1 Vampiric Aura
 
                » actions 
                
                | Assign group hotkey | 50 |  | 
| Basic commands | 229 |  | 
| Build / train | 63 |  | 
| Enter build submenu | 14 |  | 
| Enter hero's abilities submenu | 8 |  | 
| Remove unit from queue | 8 |  | 
| Right click | 788 |  | 
| Select / deselect | 488 |  | 
| Select group hotkey | 470 |  | 
| Use ability | 35 |  | 
                2153 total
 » units 
                
                | Acolyte | 3 |  | 
| Ghoul | 4 |  | 
| Crypt Fiend | 7 |  | 
| Forest Troll Shadow Priest | 2 |  | 
| Mud Golem | 2 |  | 
| Abomination | 3 |  | 
| Obsidian Statue | 4 |  | 
| Gargoyle | 5 |  | 
                30 total
 » upgrades
                
                | Creature Attack | 3 |  | 
| Web | 1 |  | 
| Burrow | 1 |  | 
                5 total
 » buildings
                
                | Graveyard | 1 |  | 
| Crypt | 1 |  | 
| Ziggurat | 7 |  | 
| Altar of Darkness | 1 |  | 
| Spirit Tower | 2 |  | 
| Nerubian Tower | 1 |  | 
| Halls of the Dead | 1 |  | 
| Black Citadel | 1 |  | 
| Slaughterhouse | 1 |  | 
| Tomb of Relics | 1 |  | 
| Necropolis | 1 |  | 
                18 total
 » build order
                00:09 Graveyard
00:14 Crypt
00:47 Ziggurat
01:04 Altar of Darkness
01:38 Ziggurat
04:17 Ziggurat
04:57 Spirit Tower
04:58 Nerubian Tower
05:39 Halls of the Dead
06:05 Ziggurat
07:23 Ziggurat
07:47 Spirit Tower
10:47 Black Citadel
11:40 Slaughterhouse
13:08 Tomb of Relics
15:37 Ziggurat
15:48 Ziggurat
23:04 Necropolis
» items
                
                | Potion of Lesser Invulnerability | 1 |  | 
| Potion of Healing | 1 |  | 
| Scroll of the Beast | 1 |  | 
| Ring of Protection +3 | 1 |  | 
                4 total
  
               team 2 (winner) 
              
              
clustercluck1 (
orange | 113 APM | 2866 actions | 25:20)
              
 5 Death Knight 
 3 Death Coil
 2 Unholy Aura
 5 Lich 
 3 Frost Nova
 2 Frost Armor
 
                » actions 
                
                | Assign group hotkey | 26 |  | 
| Build / train | 73 |  | 
| Enter build submenu | 23 |  | 
| Enter hero's abilities submenu | 10 |  | 
| Give item / drop item | 2 |  | 
| Remove unit from queue | 1 |  | 
| Right click | 1305 |  | 
| Select / deselect | 212 |  | 
| Select group hotkey | 1140 |  | 
| Use ability | 74 |  | 
                2866 total
 » units 
                
                | Acolyte | 12 |  | 
| Ghoul | 3 |  | 
| Crypt Fiend | 12 |  | 
| Obsidian Statue | 1 |  | 
| Frost Wyrm | 6 |  | 
                34 total
 » upgrades
                
                | Creature Attack | 1 |  | 
| Creature Carapace | 1 |  | 
| Web | 1 |  | 
                3 total
 » buildings
                
                | Altar of Darkness | 1 |  | 
| Ziggurat | 13 |  | 
| Crypt | 1 |  | 
| Tomb of Relics | 1 |  | 
| Graveyard | 1 |  | 
| Nerubian Tower | 2 |  | 
| Halls of the Dead | 1 |  | 
| Spirit Tower | 7 |  | 
| Black Citadel | 1 |  | 
| Sacrificial Pit | 1 |  | 
| Slaughterhouse | 1 |  | 
| Boneyard | 1 |  | 
                31 total
 » build order
                00:04 Altar of Darkness
00:05 Ziggurat
00:34 Crypt
00:55 Tomb of Relics
01:16 Graveyard
02:10 Nerubian Tower
02:20 Ziggurat
03:02 Halls of the Dead
03:53 Ziggurat
05:09 Spirit Tower
05:24 Black Citadel
07:21 Ziggurat
07:39 Sacrificial Pit
08:13 Slaughterhouse
08:39 Boneyard
09:17 Spirit Tower
12:01 Ziggurat
12:02 Ziggurat
13:16 Spirit Tower
19:09 Ziggurat
19:32 Spirit Tower
19:48 Ziggurat
19:52 Ziggurat
21:44 Spirit Tower
22:20 Ziggurat
22:21 Ziggurat
22:23 Ziggurat
22:25 Ziggurat
23:15 Nerubian Tower
23:24 Spirit Tower
23:52 Spirit Tower
» items
                
                | Rod of Necromancy | 1 |  | 
| Orb of Corruption | 2 |  | 
| Potion of Mana | 3 |  | 
| Potion of Healing | 2 |  | 
| Potion of Lesser Invulnerability | 2 |  | 
                10 total
  
                Chat log
          
(25:03 / All) clustercluck1: gg
(25:15 / All) Zizou10: ya gg